 Dungeon Crawl Stone Soup version 0.23.1-37-gaa34b87 (webtiles) character file.

Game seed: 1632694376623275716

64 prey the Sneak (level 3, 0/18 HPs)
             Began as a Spriggan Enchanter on Mar 28, 2019.
             Slain by a gnoll
             ... wielding a +0 spear
              (1 damage)
             ... on level 2 of the Dungeon.
             The game lasted 00:06:41 (2575 turns).

prey the Sneak (Spriggan Enchanter)                 Turns: 2575, Time: 00:06:42

Health: 0/18       AC:  2    Str:  5    XL:     3   Next: 91%
Magic:  8/8        EV: 19    Int: 16    God:
Gold:   126        SH:  0    Dex: 16    Spells: 6/7 levels left

rFire    . . .     SeeInvis +   a - +1 dagger (holy)
rCold    . . .     Gourm    .   (shield restricted)
rNeg     . . .     Faith    .   b - +0 robe
rPois    .         Spirit   .   (helmet restricted)
rElec    .         Reflect  .   (no cloak)
rCorr    .         Harm     .   (gloves unavailable)
MR       .....                  (boots unavailable)
Stlth    +++.......             (no amulet)
HPRegen  0.06/turn              (no ring)
MPRegen  0.11/turn              (no ring)

@: very quick
A: very small, unfitting armour, see invisible, herbivore, speed 3, slow
metabolism 2
a: no special abilities


You were on level 2 of the Dungeon.
You were not hungry.

You visited 1 branch of the dungeon, and saw 2 of its levels.

You collected 126 gold pieces.

Inventory:

Hand Weapons
 a - a +1 dagger of holy wrath (weapon)
 i - a +1 dagger
Missiles
 c - 44 stones (quivered)
 f - 20 sling bullets
Armour
 b - a +0 robe (worn)
Scrolls
 g - 2 scrolls of identify {unknown}
 j - 2 scrolls of magic mapping {unknown}
 k - a scroll of fear {unknown}
Potions
 e - a potion of mutation {unknown}
 h - a potion of haste {unknown}
Comestibles
 d - 6 rations


   Skills:
 + Level 1.0 Fighting
 + Level 2.0 Short Blades
 + Level 3.8 Dodging
 * Level 5.9 Stealth
 - Level 2.6 Spellcasting
 - Level 3.6 Hexes


You had 6 spell levels left.
You knew the following spells:

 Your Spells              Type           Power        Failure   Level  Hunger
a - Corona                Hex            ##.....      4%          1    #......

Your spell library contained the following spells:

 Spells                   Type           Power        Failure   Level  Hunger
 Confuse                  Hex            ##......     13%         3    ###....
 Tukima's Dance           Hex            ##......     13%         3    ###....
 Ensorcelled Hibernation  Hex/Ice        #.....       14%         2    ##.....
 Dazzling Spray           Conj/Hex       #.....       28%         3    ###....


Dungeon Overview and Level Annotations

Branches:
Dungeon (2/15)

Altars:

Annotations:
D:1 exclusion: downstairs
D:2 Terence


Innate Abilities, Weirdness & Mutations

You are very small and have problems with some larger weapons.
You are too small for most types of armour.
You have supernaturally acute eyesight. (SInv)
You are a herbivore.
You cover ground extremely quickly.
You need to consume almost no food.


Message History

The gnoll is lightly wounded.
The gnoll hits you with a +0 spear!
Ouch! That really hurt!
You hit the gnoll.
The gnoll is lightly wounded.
The gnoll completely misses you.
You barely miss the gnoll.
The gnoll is lightly wounded.
The gnoll completely misses you.
You hit the gnoll.
The gnoll is moderately wounded.
The gnoll closely misses you.
You closely miss the gnoll.
The gnoll is moderately wounded.
The gnoll hits you with a +0 spear!
* * * LOW HITPOINT WARNING * * *
You hit the gnoll.
The gnoll is heavily wounded.
The gnoll hits you with a +0 spear.
You die...

#.###...### #.##......#
########.##.....†##.
#........##.........
#........##....|....
#...................
#.......######.#....
#######.......# #.#....
#...<.)..@g...# #.#.###
#.............# #.#.###
#.......#.##### ####.#.#..
#.......#.# #.........
#.......#.#######.##.#.#..
#.##.####.#.....>$........
#.##.# #.#.####..........
#.##.####.#.###r.!.....#..
#.##.##.......g........###


You could see a gnoll.

Vanquished Creatures
  An adder (D:2)
  An ooze (D:2)
  A worm (D:2)
  A leopard gecko (D:1)
  A ball python (D:2)
  2 giant cockroaches
  7 goblins (D:1)
  9 hobgoblins
  6 kobolds
  2 quokkas (D:2)
  6 bats (D:1)
  A frilled lizard (D:2)
  5 rats
43 creatures vanquished.

Notes
Turn   | Place    | Note
-------+----------+-------------------------------------------
     0 | D:1      | prey the Spriggan Enchanter began the quest for the Orb.
     0 | D:1      | Reached XP level 1. HP: 9/9 MP: 5/5
    96 | D:1      | Reached XP level 2. HP: 12/13 MP: 6/6
   126 | D:1      | Reached skill level 5 in Stealth
   808 | D:1      | Reached XP level 3. HP: 8/17 MP: 8/8
  1180 | D:2      | Noticed Terence
  1604 | D:2      | Reached skill level 1 in Fighting
  2575 | D:2      | Slain by a gnoll

Skill      XL: |  1  2  3 |
---------------+----------+-----
Stealth        | 5 |  5.9
Fighting       | 1 |  1.0
Short Blades   | 2 |  2.0
Dodging        | |  3.8
Spellcasting   | |  2.6
Hexes          | |  3.6

Action                   || total
-------------------------++-------
Melee: Dagger            ||   227
 Stab: Sleeping          ||    13
       Distracted        ||     1
Armor: Robe              ||    11
Dodge: Dodged            ||   183
